 Dungeon Crawl Stone Soup version 0.19.1-1-g22dce08 (webtiles) character file.

442 ImaNewbie the Skirmisher (level 7, -3/66 HPs)
             Began as a Hill Orc Fighter on Jan 18, 2017.
             Slain by Boing's ghost (8 damage)
             ... on level 4 of the Dungeon.
             The game lasted 00:07:40 (3370 turns).

ImaNewbie the Skirmisher (Hill Orc Fighter)         Turns: 3370, Time: 00:07:40

Health: -3/66      AC: 10    Str: 21    XL:     7   Next: 2%
Magic:  7/7        EV:  5    Int:  8    God:
Gold:   55         SH:  9    Dex: 10    Spells: 0 memorised, 6 levels left

rFire  . . .     SeeInvis .     a - +0 war axe
rCold  . . .     Gourm    +     w - +0 chain mail (curse)
rNeg   . . .     Faith    .     c - +0 shield
rPois  .         Spirit   .     t - +0 helmet
rElec  .         Reflect  .     (no cloak)
rCorr  .         Harm     .     (no gloves)
MR     .....                    (no boots)
Stlth  ..........               r - amulet of the gourmand
                                (no ring)
                                (no ring)

@: lethally poisoned (-3 -> -4)
A: no striking features
a: no special abilities


You were on level 4 of the Dungeon.
You were not hungry.

You visited 1 branch of the dungeon, and saw 4 of its levels.

You collected 55 gold pieces.

Inventory:

Hand Weapons
 a - a +0 war axe (weapon)
 v - a +0 hand axe of flaming
Missiles
 p - 24 poisoned needles
Armour
 b - a +0 scale mail
 c - a +0 shield (worn)
 t - a +0 helmet (worn)
 w - a cursed +0 chain mail (worn)
Jewellery
 r - an amulet of the gourmand (around neck)
Scrolls
 h - 2 scrolls of noise {unknown}
 i - 5 scrolls of identify {unknown}
 m - 3 scrolls of teleportation {unknown}
 s - 2 scrolls of remove curse {unknown}
 u - a scroll of fog {unknown}
 x - a scroll of recharging {unknown}
 y - a scroll of fear {unknown}
Potions
 d - 2 potions of might
 e - a potion of degeneration {unknown}
 k - a potion of mutation {unknown}
 l - 2 potions of curing {unknown}
 o - a potion of heal wounds {unknown}
 q - a potion of invisibility {unknown}
Comestibles
 f - a bread ration
 g - a slice of pizza


   Skills:
 + Level 7.1 Fighting
 + Level 6.8 Axes
 - Level 3.2 Armour
 - Level 3.2 Shields


You had 6 spell levels left.
You didn't know any spells.

Dungeon Overview and Level Annotations

Branches:
Dungeon (4/15)
 Temple: D:4-7

Altars:

Portals:
Sewer: D:4

Annotations:
D:4 Boing's ghost, amateur DsCK


Message History

The adder is lightly wounded.
You barely miss Boing's ghost. You block the adder's attack.
Boing's ghost hits you but does no damage.
The adder bites you but does no damage.
You closely miss the adder.
The adder is lightly wounded.
You hit Boing's ghost.
You hear the brisk rusting of a drain nearby.
You feel sick. You block the adder's attack. Boing's ghost hits you.
* * * LOW HITPOINT WARNING * * *
Boing's ghost burns you.
* * * LOW HITPOINT WARNING * * *
You slash the adder!
You kill the adder!
You closely miss Boing's ghost. Boing's ghost hits you.
* * * LOW HITPOINT WARNING * * *
Boing's ghost burns you.
* * * LOW HITPOINT WARNING * * *
You feel sick. Boing's ghost hits you!
You die...

****,,,,*#########.###.#
*,,,,****≈∩≈≈≈≈≈@W.....#
*,**,****#########..##.#
,,,,,**,,,,,,,,,,..##*,*
*,,,,,,,**,,*****###**,*
,,,*,*****,,* *,,,*
**,*,,,,,,,,* *,,,*
*,****,***,* *,,,* *,*
**,* *,* **,**
**,***,,***,* *,*
,,,,,,,,,**,* *,*
**,***,*,**,* *,*
**,***,*,**,* *,*
**,,,,,,,,,,*********,*
,,,,,,,,,,,,,,,,,,,,,,*
***********************


You could see Boing's ghost.

Vanquished Creatures
  The ghost of Boing the Digger, an amateur GrEE (D:3)
  A howler monkey (D:3)
  A crimson imp (D:3)
  A hound (D:3)
  An orc priest (D:3)
  3 orc wizards (D:3)
  Robin (D:3)
  5 adders
  An ooze (D:1)
  3 worms
  A dart slug (D:1)
  2 leopard geckos
  10 orcs (D:3)
  6 bats
  2 giant cockroaches
  15 goblins
  6 hobgoblins
  2 jackals (D:3)
  10 kobolds
  2 quokkas (D:2)
  2 ball pythons
  3 frilled lizards
  4 rats
83 creatures vanquished.

Notes
Turn   | Place    | Note
-------+----------+-------------------------------------------
     0 | D:1      | ImaNewbie the Hill Orc Fighter began the quest for the Orb.
     0 | D:1      | Reached XP level 1. HP: 19/19 MP: 1/1
   201 | D:1      | Reached XP level 2. HP: 27/27 MP: 2/2
   283 | D:1      | Reached skill level 4 in Fighting
   435 | D:1      | Reached XP level 3. HP: 21/33 MP: 3/3
  1383 | D:2      | Found a faded altar of an unknown god.
  1454 | D:2      | Reached XP level 4. HP: 41/41 MP: 4/4
  1702 | D:3      | Noticed Boing's ghost (amateur GrEE)
  1729 | D:3      | Killed Boing's ghost
  1729 | D:3      | Reached skill level 5 in Fighting
  1729 | D:3      | Reached skill level 5 in Axes
  1729 | D:3      | Reached XP level 5. HP: 13/48 MP: 5/5
  2412 | D:3      | Reached skill level 6 in Fighting
  2418 | D:3      | Noticed Robin
  2427 | D:3      | Killed Robin
  2427 | D:3      | Reached XP level 6. HP: 38/57 MP: 6/6
  3065 | D:3      | Reached skill level 7 in Fighting
  3239 | D:3      | Reached XP level 7. HP: 51/66 MP: 7/7
  3301 | D:4      | Noticed Boing's ghost (amateur DsCK)
  3348 | D:4      | Found a glowing drain.
  3370 | D:4      | Slain by Boing's ghost

Skill      XL: |  1  2  3  4  5  6 |
---------------+-------------------+-----
Axes           | 3 4 5 6 |  6.8
Fighting       | 4 5 6 7 |  7.1
Armour         | |  3.2
Shields        | |  3.2

Action                   |  1- 3 |  4- 6 |  7- 9 || total
-------------------------+-------+-------+-------++-------
Melee: War axe           |    88 |   173 |    21 ||   282
  Use: Scroll            |       |       |     2 ||     2
  Eat: Chunk             |     2 |     8 |       ||    10
Armor: Scale mail        |    36 |    87 |       ||   123
       Chain mail        |       |    22 |    21 ||    43
Dodge: Dodged            |    22 |    48 |     7 ||    77
Block: Shield            |    39 |    89 |    18 ||   146
